 Dungeon Crawl Stone Soup version 0.17.0-26-gececa24 (console) character file.

139 gw the Cudgeler (level 5, -6/33 HPs)
             Began as a Tengu Chaos Knight on Nov 19, 2015.
             Killed from afar by an orc wizard (7 damage)
             ... with a magic dart
             ... on level 3 of the Dungeon.
             The game lasted 00:02:01 (3921 turns).

gw the Cudgeler (Tengu Chaos Knight)                Turns: 3921, Time: 00:02:01

Health: -6/33      AC:  5    Str: 12    XL:     5   Next: 22%
Magic:  6/6        EV: 14    Int: 13    God:    Xom [*.....]
Gold:   108        SH:  0    Dex: 14    Spells: 0 memorised, 4 levels left

rFire  . . .     SeeInvis .     a - +0 mace (chaos)
rCold  . . .     Clarity  .     b - +2 leather armour
rNeg   . . .     SustAt   .     (no shield)
rPois  .         Gourm    .     (helmet restricted)
rElec  .         Spirit   .     (no cloak)
rCorr  .         Warding  .     (no gloves)
rMut   .         Stasis   .     (boots unavailable)
MR     .....                    (no amulet)
Stlth  ..........               e - ring of loudness (curse)
                                f - +2 ring of evasion

@: not resistant to hostile enchantments, extremely unstealthy
A: beak, talons 3, able to fly 1
a: Fly, Renounce Religion


You were on level 3 of the Dungeon.
You worshipped Xom.
You were a special plaything of Xom.
You were not hungry.

You visited 1 branch of the dungeon, and saw 3 of its levels.

You collected 108 gold pieces.

Inventory:

Hand Weapons
 a - a +0 mace of chaos (weapon)
Missiles
 l - 57 stones (quivered)
Armour
 b - a +2 leather armour (worn)
Jewellery
 e - a cursed ring of loudness (right hand)
 f - a +2 ring of evasion (left hand)
Scrolls
 d - 2 scrolls of remove curse
Comestibles
 c - 3 bread rations
 g - a beef jerky
 m - 2 meat rations


   Skills:
 + Level 3.8 Fighting
 * Level 4.5 Maces & Flails
 + Level 1.7 Throwing
 - Level 2.1 Armour
 + Level 2.5 Dodging


You had 4 spell levels left.
You didn't know any spells.

Dungeon Overview and Level Annotations

Branches:
Dungeon (3/15)

Altars:
Trog


Innate Abilities, Weirdness & Mutations

You have a beak for a mouth.
You have claws for feet.
You can fly.


Message History

The magic dart hits you!
ATTACK MOVE TO (1,-1)
You hit the orc but do no damage. You claw the orc, but do no damage.
Your peck misses the orc.
The orc wizard mumbles some strange words.
The orc wizard flickers and vanishes!
Deactivating autopickup; reactivate with Ctrl-A.
The orc misses you.
ATTACKING (1,-1)
You closely miss the orc. You claw the orc. You peck the orc.
The orc is moderately wounded.
A puff of frost appears from out of thin air!
The puff of frost hits you! The orc hits you but does no damage.
ATTACKING (1,-1)
You hit the orc.
The orc goes berserk!
You peck the orc.
The orc is severely wounded.
The orc barely misses you. The orc hits you.
A magic dart appears from out of thin air!
The magic dart hits you!
You die...

####.......#
..........#
#)........#
#.......(.#
#.........##.
#........% #.#
#....o.# #.#
#...Q..# #.#
#......# #.#
#.(...?# #.#
##)#########.###
####.............#
..?..............#.#
.................#.#
$##########.####.#.#
#.# #.#.#


You could see an orc (berserk).

Table legend:
 A = Turns spent in this place as a percentage of turns spent in the entire game.
 B = Non-inter-level travel turns spent in this place as a percentage of non-inter-level travel turns spent in the entire game.
 C = Inter-level travel turns spent in this place as a percentage of turns spent in this place.
 D = Turns resting spent in this place as a percentage of non-inter-level travel turns spent in this place.
 E = Turns spent auto-exploring this place as a percentage of non-inter-level travel turns spent in this place.
 F = Non-inter-level travel turns spent in this place divided by the number of levels of this place that you've seen.
                   A       B       C       D       E      F
               +-------+-------+-------+-------+-------+----------------------
         Total | 100.0 | 100.0 |   0.6 |   0.8 |   2.5 | 1360.3
       Dungeon | 100.0 | 100.0 |   0.6 |   0.8 |   2.5 | 1360.3
               +-------+-------+-------+-------+-------+----------------------

Table legend:
 A = Kills in this place as a percentage of kills in entire the game.
 B = Kills by you in this place as a percentage of kills by you in the entire game.
 C = Kills by friends in this place as a percentage of kills by friends in the entire game.
 D = Other kills in this place as a percentage of other kills in the entire game.
 E = Experience gained in this place as a percentage of experience gained in the entire game.
 F = Experience gained in this place divided by the number of levels of this place that you have seen.
                   A       B       C       D       E      F
               +-------+-------+-------+-------+-------+----------------------
         Total | 100.0 | 100.0 |  -nan |  -nan | 100.0 |  66.3
       Dungeon | 100.0 | 100.0 |  -nan |  -nan | 100.0 |  66.3
               +-------+-------+-------+-------+-------+----------------------

Vanquished Creatures
  An orc priest (D:3)
  4 adders
  A worm (D:2)
  A giant gecko (D:1)
  6 orcs (D:3)
  10 bats
  3 giant cockroaches (D:2)
  11 goblins
  6 hobgoblins
  4 jackals (D:1)
  A giant newt (D:2)
  7 kobolds
  3 rats
58 creatures vanquished.

Vanquished Creatures (others)
  An orc (D:3)
1 creature vanquished.

Grand Total: 59 creatures vanquished

Notes
Turn   | Place    | Note
--------------------------------------------------------------
     0 | D:1      | gw the Tengu Chaos Knight began the quest for the Orb.
     0 | D:1      | Reached XP level 1. HP: 14/14 MP: 2/2
    90 | D:1      | XOM: harmless Tloc miscast
   461 | D:1      | Reached XP level 2. HP: 16/19 MP: 3/3
   710 | D:1      | XOM: harmless Chrm miscast
   817 | D:1      | XOM: harmless Chrm miscast
  1012 | D:1      | XOM: harmless Hex miscast
  1233 | D:1      | XOM: harmless Summ miscast
  1377 | D:1      | Reached skill level 1 in Throwing
  1377 | D:1      | XOM: harmless Chrm miscast
  1430 | D:1      | XOM: harmless Divn miscast
  1589 | D:1      | Reached XP level 3. HP: 18/23 MP: 4/4
  1706 | D:1      | XOM: divination: detect creatures
  2207 | D:2      | Reached skill level 4 in Maces & Flails
  2454 | D:2      | Reached XP level 4. HP: 26/28 MP: 5/5
  2511 | D:2      | XOM: noise
  2862 | D:2      | XOM: harmless Hex miscast
  3060 | D:2      | XOM: vitrification
  3063 | D:2      | XOM: god gift: runed leather armour {god gift}
  3105 | D:2      | XOM: fog
  3147 | D:2      | XOM: 5-stop teleportation journey
  3272 | D:2      | XOM: god gift: 19 gold pieces
  3574 | D:3      | Gained mutation: You can fly. [Tengu growth]
  3574 | D:3      | Reached XP level 5. HP: 23/33 MP: 6/6
  3874 | D:3      | Found a bloodstained altar of Trog.
  3921 | D:3      | HP: 1/33 [orc (3)]
  3921 | D:3      | Killed from afar by an orc wizard

Action                   |  1- 3 |  4- 6 || total
-------------------------+-------+-------++-------
Melee: Mace              |    82 |    59 ||   141
Throw: Stone             |    37 |    59 ||    96
  Use: Scroll            |     5 |       ||     5
       Potion            |     3 |     1 ||     4
  Eat: Chunk             |     5 |     4 ||     9

Vault maps used:
D:1:      shiori_arrival_oz, serial_glass, glass_columns_a, glass_columns_a,
          item_on_display_a, minmay_strange_pillars, due_unseen_surprise,
          roderic_serpentine_path
D:2:      serial_glass, glass_columns_b, glass_columns_a
D:3:      lightli_temple_of_fire, lemuel_doored_altar, elyvilon_altar_4
